Map: Dusk Towers

Players

LilDicky - Winner!

  • Race: Terran Terran
  • League: Diamond

PROMASTER

  • Race: Zerg Zerg
  • League: Diamond

VOD

http://www.twitch.tv/tumescentpie

Description

Time

  • Played on: Nov. 26, 2015, 12:50 p.m.
  • Length: 6:48
Show
View Real Time Build Order
Export as new Build Order

LilDicky Terran - Winner!

Build Orders:  

Get SALT Encoding   

  12  0:01  SCV  
  13  0:13  SCV  
  14  0:18  Supply Depot  
  14  0:25  SCV  
  15  0:36  Refinery  
  15  0:39  SCV  
  16  0:47  Barracks  
  16  0:51  SCV  
  17  1:03  SCV  
  18  1:16  SCV  
  19  1:28  SCV  
  20  1:34  Supply Depot  
  20  1:35  Marine  
  21  1:40  Orbital Command  
  21  1:47  Factory  
  21  1:53  Marine  
  22  2:05  SCV  
  23  2:11  Marine  
  24  2:18  SCV  
  25  2:28  Refinery  
  25  2:31  SCV  
  25  2:32  Supply Depot, Starport  
  25  2:33  Factory Tech Lab  
  25  2:35  Marine  
  27  2:46  SCV  
  27  2:48  Command Center  
  28  2:53  Marine  
  29  3:02  SCV  
  30  3:07  Siege Tank  
  30  3:08  Supply Depot  
  30  3:11  Marine  
  34  3:16  SCV  
  35  3:21  Refinery  
  35  3:22  Medivac  
  37  3:29  Marine  
  37  3:31  Supply Depot  
  37  3:33  SCV  
  39  3:45  Siege Tank  
  39  3:46  SCV  
  43  3:51  Marine  
  44  3:58  SCV  
  45  4:03  Medivac  
  45  4:06  Orbital Command  
  48  4:10  SCV  
  48  4:13  Supply Depot  
  48  4:14  Barracks Tech Lab  
  48  4:23  Siege Tank  
  51  4:28  SCV  
  48  4:55  Siege Tank, Medivac  
  53  5:07  SCV  
  53  5:08  SCV  
  55  5:14  Supply Depot  
  55  5:16  Marine  
  55  5:18  Command Center, Supply Depot  
  55  5:19  SCV  
  55  5:20  SCV  
  58  5:27  Siege Tank  
  61  5:31  SCV  
  62  5:45  SCV  
  62  5:46  SCV  
  62  5:47  Medivac  
  66  5:59  Siege Tank  
  69  6:19  SCV x2  
  71  6:31  SCV x2  
Show
View Real Time Build Order
Export as new Build Order

PROMASTER Zerg 

Build Orders: Hatch First 

Get SALT Encoding   

  12  0:01  Drone  
  13  0:12  Overlord  
  13  0:24  Drone  
  14  0:30  Drone  
  14  0:31  Drone  
  16  0:37  Drone  
  17  1:01  Hatchery, Overlord  
  16  1:06  Drone  
  17  1:17  Spawning Pool  
  16  1:24  Drone x2  
  18  1:29  Drone  
  19  1:49  Drone  
  19  1:50  Hatchery  
  19  1:55  Drone  
  19  2:00  Drone  
  21  2:07  Queen  
  23  2:14  Spine Crawler  
  23  2:15  Drone  
  23  2:19  Drone  
  23  2:22  Drone  
  25  2:30  Queen  
  25  2:32  Drone  
  25  2:35  Drone  
  29  2:38  Drone  
  29  2:43  Drone  
  31  2:45  Drone  
  32  2:54  Drone  
  32  2:55  Drone  
  34  3:03  Overlord  
  34  3:08  Drone x2  
  34  3:09  Extractor  
  35  3:14  Drone  
  35  3:15  Drone x3  
  35  3:19  Spine Crawler  
  38  3:20  Drone x2  
  38  3:21  Queen  
  38  3:23  Overlord  
  42  3:28  Drone  
  42  3:29  Drone  
  44  3:35  Drone  
  44  3:40  Drone  
  44  3:41  Drone  
  47  3:42  Extractor  
  46  3:48  Roach Warren  
  46  3:49  Drone x3  
  46  3:50  Drone x2  
  46  3:52  Queen  
  52  3:56  Drone x3  
  55  4:06  Drone x3  
  58  4:11  Spine Crawler  
  58  4:12  Drone  
  58  4:28  Extractor  
  58  4:30  Drone, Extractor  
  53  4:50  Lair  
  53  4:57  Drone  
  53  4:58  Drone x4  
  58  5:01  Extractor  
  58  5:02  Drone  
  58  5:03  Extractor  
  57  5:08  Zergling x2  
  57  5:09  Overlord  
  57  5:10  Overlord  
  58  5:14  Overlord  
  58  5:15  Overlord x2  
  58  5:21  Spine Crawler  
  58  5:25  Overlord x2  
  57  5:40  Overlord  
  57  5:41  Overlord  
  57  5:45  Zergling x18  
  57  5:46  Zergling x2  
  34  6:25  Zergling x2  
  34  6:26  Zergling x26  
Tags
 
Add a new tag
Caveats
  • Supply blocks, unpowered buildings, or Contaminate may cause inaccurate times.
  • Supply counts are checked every 10 seconds.